 Dungeon Crawl Stone Soup version 0.21.1-1-g345015f (webtiles) character file.

4018 Kairos the Cleaver (level 10, -5/76 HPs)
             Began as a Human Fighter on Mar 29, 2018.
             Was a Priest of Okawaru.
             Splashed by Maurice's acid (20 damage)
             ... on level 8 of the Dungeon.
             The game lasted 00:26:18 (10075 turns).

Kairos the Cleaver (Human Fighter)                 Turns: 10075, Time: 00:26:19

Health: -5/76      AC:  4    Str: 18    XL:     10   Next: 47%
Magic:  10/10      EV: 10    Int: 10    God:    Okawaru [***...]
Gold:   380        SH: 14    Dex: 17    Spells: 6/9 levels left

rFire    . . .     SeeInvis .   Q - -2 morningstar (vamp)
rCold    . . .     Gourm    .   c - +0 shield
rNeg     . . .     Faith    .   b - +0 scale mail
rPois    .         Spirit   .   t - +0 helmet
rElec    .         Reflect  +   y - +0 cloak
rCorr    .         Harm     .   j - +0 pair of gloves
MR       +....                  e - +0 pair of boots
Stlth    +.........             K - +3 amulet of reflection
HPRegen  0.22/turn              v - ring of protection from magic
MPRegen  0.12/turn              D - +4 ring of dexterity

@: corroded, berserk cooldown, slowed, drained, very slow
A: no striking features
a: Heroism, Renounce Religion


You were on level 8 of the Dungeon.
You worshipped Okawaru.
Okawaru was most pleased with you.
You were hungry.

You visited 2 branches of the dungeon, and saw 9 of its levels.
You also visited: Sewer.

You collected 380 gold pieces.

Inventory:

Hand Weapons
 a - a +1 war axe
 Q - a -2 vampiric morningstar (weapon)
Armour
 b - a +0 scale mail (worn)
 c - a +0 shield (worn)
 e - a +0 pair of boots (worn)
 j - a +0 pair of gloves (worn)
 t - a +0 helmet (worn)
 y - a +0 cloak (worn)
Jewellery
 p - an uncursed ring of stealth
 s - an uncursed ring of stealth
 v - a ring of protection from magic (left hand)
 w - a +4 ring of dexterity
 D - a +4 ring of dexterity (right hand)
 E - an uncursed ring of poison resistance
 K - a +3 amulet of reflection (around neck)
 M - an uncursed ring of protection from fire
Scrolls
 k - 2 scrolls of remove curse
 m - 2 scrolls of teleportation
 q - 3 scrolls of amnesia
 r - a scroll of blinking {unknown}
 A - 2 scrolls of immolation
 F - a scroll of magic mapping
 G - a scroll of fog {unknown}
 P - a scroll of brand weapon {unknown}
 S - a scroll of identify
Potions
 d - a potion of might
 g - 2 potions of brilliance
 h - 5 potions of curing
 i - a potion of agility
 n - a potion of berserk rage
 o - a potion of ambrosia {unknown}
 u - a potion of haste
 x - a potion of lignification {unknown}
 B - 3 potions of flight
 C - 2 potions of heal wounds
 I - a potion of invisibility {unknown}
 J - 2 potions of cancellation
Books
 H - a Young Poisoner's Handbook

   Spells                             Type                      Level
   a - Sting                          Conjuration/Poison           1
   b - Poisonous Vapours              Poison/Air                   2
   c - Mephitic Cloud                 Conjuration/Poison/Air       3
   d - Olgreb's Toxic Radiance        Poison                       4
   e - Venom Bolt                     Conjuration/Poison           5
 O - a book of Maledictions

   Spells                             Type                      Level
   a - Corona                         Hexes                        1
   b - Ensorcelled Hibernation        Hexes/Ice                    2
   c - Confuse                        Hexes                        3
   d - Tukima's Dance                 Hexes                        3
   e - Dazzling Spray                 Conjuration/Hexes            3
Comestibles
 f - 14 rations


   Skills:
 + Level 6.0(5.0) Fighting
 + Level 9.0(8.1) Axes
 + Level 1.4(4.9) Maces & Flails
 + Level 5.9(4.9) Armour
 + Level 4.5(3.6) Dodging
 + Level 2.0(1.2) Stealth
 + Level 7.7(6.7) Shields
 + Level 0.1(0.0) Invocations


You had 6 spell levels left.
You knew the following spells:

 Your Spells              Type           Power        Failure   Level  Hunger
a - Confuse               Hex            #.......     100%        3    ####...


Dungeon Overview and Level Annotations

Branches:
Dungeon (8/15)             Temple (1/1) D:4
   Lair: D:8-11

Altars:
Ashenzari
Dithmenos
Elyvilon
Nemelex Xobeh
Okawaru
Qazlal
Ru
Sif Muna
Trog
Uskayaw
Vehumet
Xom
Yredelemnul
Zin
The Shining One

Shops:
D:7 %

Annotations:
D:8 Maurice


Message History

Maurice looks slightly unstable.
You barely miss Maurice.
Maurice is almost dead.
Maurice hits you with a short sword.
* * * LOW HITPOINT WARNING * * *
Maurice steals your mace of holy wrath!
Maurice wields a mace of holy wrath.
It softly glows with a divine radiance!
You hit Maurice but do no damage.
Maurice is almost dead.
You are no longer berserk.
You are exhausted.
You feel yourself slow down. You block Maurice's attack.
You closely miss Maurice.
Maurice is almost dead.
Maurice disappears!
You start resting.
Maurice zaps a wand.
The bolt of acid hits you!
* * * LOW HITPOINT WARNING * * *
The acid corrodes you!
You are splashed with acid!
The acid burns!
You die...

########.........#........#
..........................# ###
############...#.#.......<# #.#
####.P.# ###.#.#........####.#
)..#.^.#### #.#.#.#...........#
..)#...P.P## #.#.#.#.........#.#
...^.^.#.^.# #.#.#.#.#######.#.#
##.......### #.#.#.#.# #.#.#
^.^....#######.#@#.#.#######)#.#
PP....###......#.#.#.#....##.#.#
...###.#......##.#.#.#.##.##.#.#
..######......##.#.#.#.##.##.#.#
###...........##@# #.#.##....#
#.....#.#..... ..# #.#.#######.#
......#.#..### ###.#.#.........#
.######....# #.#.#..########
...........# #.#.#..<....#


You could see Maurice.

Vanquished Creatures
  Psyche (D:8)
  The ghost of Ventsonge the Caller, a novice TeSu (D:6)
  A troll (D:8)
  A spriggan (D:7)
  3 ice beasts
  2 black bears
  2 phantoms
  2 ogres
  2 centaurs
  A big kobold (Sewer)
  A bullfrog (D:6)
  A wyvern zombie (D:7)
  8 scorpions
  4 wights (D:8)
  3 howler monkeys
  7 crimson imps
  2 centaur zombies
  A gnoll shaman (D:4)
  2 orc priests
  Crazy Yiuf (D:4)
  6 hounds
  A bullfrog skeleton (D:8)
  A centaur skeleton (D:5)
  3 worker ants
  2 iguanas (D:7)
  2 orc wizards
  7 gnolls
  A howler monkey zombie (D:8)
  11 adders
  4 river rats
  2 shadow imps (D:5)
  5 oozes
  6 worms
  A dart slug (D:1)
  8 leopard geckos
  16 orcs
  3 ball pythons (D:4)
  8 giant cockroaches
  8 goblins
  5 hobgoblins
  10 jackals
  13 kobolds
  2 quokkas
  16 bats
  5 frilled lizards
  A kobold skeleton (D:3)
  A leopard gecko skeleton (D:6)
  A leopard gecko zombie (D:7)
  A quokka skeleton (D:7)
  A quokka zombie (D:7)
  11 rats
  7 fungi (D:8)
215 creatures vanquished.

Vanquished Creatures (others)
  A centaur (D:7)
  A worm (D:3)
  A bat (D:3)
  A rat (D:3)
4 creatures vanquished.

Grand Total: 219 creatures vanquished

Notes
Turn   | Place    | Note
-------+----------+-------------------------------------------
     0 | D:1      | Kairos the Human Fighter began the quest for the Orb.
     0 | D:1      | Reached XP level 1. HP: 18/18 MP: 1/1
   100 | D:1      | Reached XP level 2. HP: 23/24 MP: 2/2
   301 | D:1      | Found a glowing golden altar of the Shining One.
   439 | D:1      | Reached XP level 3. HP: 29/29 MP: 3/3
   875 | D:2      | Found a hide-covered altar of Uskayaw.
  1032 | D:2      | Reached XP level 4. HP: 35/35 MP: 4/4
  1415 | D:3      | Reached skill level 3 in Axes
  1686 | D:3      | Found a stormy altar of Qazlal.
  1795 | D:3      | Found a shimmering altar of Xom.
  2096 | D:2      | Reached skill level 1 in Dodging
  2096 | D:2      | Reached XP level 5. HP: 16/41 MP: 5/5
  2555 | D:3      | Found a runed door.
  2555 | D:3      | Noticed a human
  2591 | D:3      | Found a basalt altar of Yredelemnul.
  2827 | D:3      | Reached XP level 6. HP: 47/47 MP: 6/6
  3159 | D:4      | Found a runed door.
  3254 | D:4      | Reached skill level 4 in Axes
  3268 | D:4      | Found a glowing drain.
  3277 | Sewer    | Entered a sewer
  3334 | Sewer    | Reached skill level 1 in Stealth
  3346 | Sewer    | Reached XP level 7. HP: 39/53 MP: 7/7
  3363 | Sewer    | Found a white marble altar of Elyvilon.
  3879 | D:4      | Reached skill level 5 in Axes
  3953 | D:4      | Found a glowing golden altar of the Shining One.
  4185 | D:4      | Found a staircase to the Ecumenical Temple.
  4481 | Temple   | Entered the Ecumenical Temple
  4505 | Temple   | Became a worshipper of Warmaster Okawaru
  4748 | D:4      | Noticed Crazy Yiuf
  4759 | D:4      | Killed Crazy Yiuf
  5079 | D:5      | Entered Level 5 of the Dungeon
  5606 | D:5      | Reached XP level 8. HP: 58/60 MP: 8/8
  5650 | D:5      | Reached * piety under Okawaru
  5671 | D:5      | Reached skill level 6 in Axes
  6331 | D:6      | Noticed Ventsonge's ghost (novice TeSu)
  6385 | D:6      | Killed Ventsonge's ghost
  6385 | D:6      | Reached skill level 5 in Shields
  6401 | D:6      | Reached skill level 7 in Axes
  6438 | D:6      | Reached XP level 9. HP: 52/66 MP: 9/9
  6750 | D:6      | Found a bloodstained altar of Trog.
  6936 | D:6      | Learned a level 3 spell: Confuse
  7608 | D:7      | Reached skill level 5 in Armour
  7647 | D:7      | Reached skill level 8 in Axes
  7677 | D:6      | Reached ** piety under Okawaru
  7998 | D:7      | Reached skill level 5 in Fighting
  8107 | D:7      | Found Puzapif's Food Boutique.
  8228 | D:7      | Found a sparkling altar of Nemelex Xobeh.
  8299 | D:7      | Found a shattered altar of Ashenzari.
  8619 | D:8      | Noticed a troll
  8634 | D:8      | Killed a troll
  8634 | D:8      | Reached XP level 10. HP: 15/74 MP: 7/10
  8980 | D:8      | Found a sacrificial altar of Ru.
  9133 | D:8      | Reached *** piety under Okawaru
  9646 | D:8      | Noticed Psyche
  9666 | D:8      | Killed Psyche
  9666 | D:8      | Reached skill level 1 in Maces & Flails
  9729 | D:8      | Reached skill level 9 in Axes
 10048 | D:8      | Noticed Maurice
 10075 | D:8      | Splashed by Maurice's acid

Skill      XL: |  1  2  3  4  5  6  7  8  9 10 |
---------------+-------------------------------+-----
Axes           | 3 4 5 7 8 9 |  9.0
Dodging        | 1 2 4 |  4.5
Armour         | 4 5 |  5.9
Shields        | 4 5 6 7 |  7.7
Stealth        | 1 2 |  2.0
Fighting       | 4 5 6 |  6.0
Maces & Flails | 1 |  1.4
Invocations    | |  0.1

Action                   |  1- 3 |  4- 6 |  7- 9 | 10-12 || total
-------------------------+-------+-------+-------+-------++-------
Melee: War axe           |    86 |   171 |   429 |   129 ||   815
       Morningstar       |       |       |       |   106 ||   106
Invok: Heroism           |       |       |     1 |     1 ||     2
  Use: Scroll            |       |     6 |    11 |       ||    17
       Potion            |       |       |     2 |     1 ||     3
 Stab: Sleeping          |     2 |     1 |     1 |       ||     4
       Paralysed         |       |       |       |     3 ||     3
       Held in net/web   |       |       |       |     1 ||     1
  Eat: Chunk             |       |     8 |    17 |     3 ||    28
       Ration            |       |       |       |     2 ||     2
Armor: Scale mail        |    42 |    79 |   162 |    46 ||   329
Dodge: Dodged            |    25 |    58 |   149 |    59 ||   291
Block: Shield            |    39 |   109 |   283 |   143 ||   574
       Reflection        |       |       |    11 |     2 ||    13
